 Dungeon Crawl Stone Soup version 0.22-a0-480-g991dd4b (webtiles) character file.

20 topirishpotato the Sneak (level 2, -2/19 HPs)
             Began as an Octopode Assassin on June 16, 2018.
             Slain by a gnoll
             ... wielding a +0 spear
              (7 damage)
             ... on level 2 of the Dungeon.
             The game lasted 00:02:39 (965 turns).

topirishpotato the Sneak (Octopode Assassin)         Turns: 965, Time: 00:02:40

Health: -2/19      AC:  1    Str: 10    XL:     2   Next: 79%
Magic:  2/2        EV: 13    Int: 13    God:
Gold:   50         SH:  0    Dex: 13    Spells: 1/1 levels left

rFire    + . .     SeeInvis .   a - +2 dagger
rCold    x . .     Gourm    .   (no shield)
rNeg     . . .     Faith    .   (helmet restricted)
rPois    .         Spirit   .   (no amulet)
rElec    .         Reflect  .   e - ring of fire
rCorr    .         Harm     .   l - ring of protection from magic
MR       +....                  (no ring)
Stlth    ++++......             (no ring)
HPRegen  0.06/turn              (no ring)
MPRegen  0.08/turn              (no ring)
                                (no ring)
                                (no ring)

@: no status effects
A: almost no armour, stealthy swim, amphibious, 8 rings, constrict 8, camouflage
1, gelatinous body 1
a: no special abilities


You were on level 2 of the Dungeon.
You were not hungry.

You visited 1 branch of the dungeon, and saw 2 of its levels.

You collected 50 gold pieces.

Inventory:

Hand Weapons
 a - a +2 dagger (weapon)
 b - a +0 blowgun
Missiles
 c - 8 poisoned needles
 d - 2 curare-tipped needles
Jewellery
 e - a ring of fire (left tentacle)
 l - a ring of protection from magic (right tentacle)
Scrolls
 i - 2 scrolls of enchant weapon {unknown}
 j - a scroll of remove curse {unknown}
 k - a scroll of identify {unknown}
 m - a scroll of teleportation {unknown}
Potions
 g - 2 potions of curing
 h - 4 potions of heal wounds {unknown}
Comestibles
 f - 3 rations


   Skills:
 + Level 2.2 Fighting
 + Level 2.4 Short Blades
 - Level 2.0 Throwing
 + Level 1.0 Dodging
 * Level 5.9 Stealth


You had one spell level left.
You didn't know any spells.
Your spell library was empty.

Dungeon Overview and Level Annotations

Branches:
Dungeon (2/15)

Altars:


Innate Abilities, Weirdness & Mutations

You cannot wear most types of armour.
You are very stealthy in the water. (Stealth+)
You are amphibious.
You can wear up to eight rings at the same time.
You can use your tentacles to constrict eight enemies at once.
Your skin changes colour to match your surroundings (Stealth+).
Your rubbery body absorbs attacks. (AC +1, EV +1)


Message History

You see here a bat corpse.
You hit the rat but do no damage. You grab the rat.
You kill the rat!
A gnoll comes into view. It is wielding a halberd.
A gnoll comes into view. It is wielding a spear.
The gnoll shouts!
There is a stone staircase leading up here.
You climb upwards.
There is a stone staircase leading down here.
You start resting.
HP restored.
You climb downwards.
The gnoll barely misses you. The gnoll hits you with a spear.
The gnoll barely misses you. The gnoll closely misses you. The gnoll hits you.
There is a stone staircase leading up here.
The gnoll hits you from afar with a halberd!
The gnoll hits you.
* * * LOW HITPOINT WARNING * * *
The gnoll hits you with a spear!
You die...

#.#........#.########
g.#.#####.##.#
##.#..........#
#.######..#######
...#####.........
..........#######
..#####g.....#
#gg###.# #@g# ##.#
#... #.### ..# #.#
#.# .#


You could see 4 gnolls.

Vanquished Creatures
  A dart slug (D:1)
  A leopard gecko (D:1)
  A ball python (D:2)
  3 goblins (D:1)
  3 hobgoblins
  3 bats
  2 kobolds (D:1)
  2 rats
16 creatures vanquished.

Notes
Turn   | Place    | Note
-------+----------+-------------------------------------------
     0 | D:1      | topirishpotato the Octopode Assassin began the quest for the Orb.
     0 | D:1      | Reached XP level 1. HP: 14/14 MP: 1/1
   233 | D:1      | Reached XP level 2. HP: 19/19 MP: 2/2
   965 | D:2      | Slain by a gnoll

Vault maps used:
D:1:      dpeg_arrival_renting, serial_bayou_pond_d
D:2:      first_ration, chequers_ecumenical_altar_lobes

Action                   || total
-------------------------++-------
Melee: Dagger            ||    24
       Constrict         ||     7
       Tentacles         ||     4
  Use: Scroll            ||     1
       Potion            ||     1
 Stab: Sleeping          ||     6
Dodge: Dodged            ||    12

Table legend:
 A = Spawn XP
 B = Non-spawn XP
 C = Spawn XP percentage of total XP
 D = Spawn monster count
 E = Non-spawn monster count
 F = Spawn count percentage of total count
 G = Total turns spent on level
                    A         B        C        D         E        F      G
               +---------+---------+-------+---------+---------+-------+---------
         Total |       0 |      29 |   0.0 |       0 |      16 |   0.0 |   965
               +---------+---------+-------+---------+---------+-------+---------
           D:1 |       0 |      22 |   0.0 |       0 |      12 |   0.0 |   899
           D:2 |       0 |       7 |   0.0 |       0 |       4 |   0.0 |    66
               +---------+---------+-------+---------+---------+-------+---------
